 Dungeon Crawl Stone Soup version 0.22.0-18-ge075c0d (console) character file.

4422 removed the Slicer (level 10, 62/68 HPs)
             Began as a Halfling Conjurer on Aug 18, 2018.
             Was a Follower of Uskayaw.
             Quit the game on level 9 of the Dungeon.
             The game lasted 00:29:24 (13157 turns).

removed the Slicer (Halfling Conjurer)             Turns: 13157, Time: 00:29:24

Health: 62/68      AC:  4    Str: 11    XL:     10   Next: 62%
Magic:  29/29      EV: 21    Int: 16    God:    Uskayaw [*.....]
Gold:   479        SH:  0    Dex: 16    Spells: 12/15 levels left

rFire    . . .     SeeInvis .   a - staff of power
rCold    . . .     Gourm    .   (shield currently unavailable)
rNeg     . . .     Faith    .   m - +0 robe
rPois    .         Spirit   .   (no helmet)
rElec    .         Reflect  .   R - +0 cloak of Compassion {Str+2 Stlth+}
rCorr    .         Harm     .   (no gloves)
MR       .....                  i - +0 pair of boots
Stlth    +++.......             (no amulet)
HPRegen  0.21/turn              (no ring)
MPRegen  0.21/turn              (no ring)

@: mildly poisoned (62 -> 61)
A: small, mutation resistance 1
a: Stomp, Renounce Religion


You were on level 9 of the Dungeon.
You worshipped Uskayaw.
Uskayaw was noncommittal.
You were not hungry.

You visited 1 branch of the dungeon, and saw 10 of its levels.
You also visited: Sewer.

You collected 479 gold pieces.

Inventory:

Hand Weapons
 b - a +2 dagger of freezing
 d - a +0 dagger
 g - a +0 blowgun
 Q - a +0 rapier
 Z - a +1 shortbow of flaming
Missiles
 k - 2 curare-tipped needles
 x - 2 throwing nets (quivered)
 y - 51 poisoned needles
Armour
 i - a +0 pair of boots (worn)
 m - a +0 robe (worn)
 R - the +0 cloak of Compassion (worn) {Str+2 Stlth+}
   (You found it on level 8 of the Dungeon)

   It affects your strength (+2).
   It makes you more stealthy.
Magical Staves
 a - an uncursed staff of power (weapon)
Jewellery
 r - an uncursed ring of fire
Wands
 u - a wand of iceblast (10)
 U - a wand of disintegration (7)
Scrolls
 j - 7 scrolls of teleportation
 o - 4 scrolls of remove curse
 A - 2 scrolls of amnesia
 D - a scroll of fog
 K - a scroll of enchant weapon
 L - 2 scrolls of magic mapping
 N - a scroll of silence {unknown}
 S - a scroll of noise {unknown}
 V - a scroll of brand weapon {unknown}
 Y - a scroll of blinking {unknown}
Potions
 l - a potion of berserk rage
 q - 2 potions of ambrosia
 s - 2 potions of heal wounds
 v - 2 potions of curing
 w - 2 potions of might
 C - 3 potions of lignification
 F - 5 potions of flight
 I - a potion of cancellation {unknown}
 O - a potion of resistance {unknown}
 W - a potion of mutation {unknown}
Comestibles
 c - 24 rations


   Skills:
 - Level 6.1 Fighting
 + Level 9.1 Short Blades
 - Level 9.1 Dodging
 - Level 2.1 Stealth
 - Level 3.1 Spellcasting
 - Level 6.0 Conjurations


You had 12 spell levels left.
You knew the following spells:

 Your Spells              Type           Power        Failure   Level  Hunger
a - Magic Dart            Conj           ###.         1%          1    None
b - Searing Ray           Conj           ###...       2%          2    ##.....

Your spell library contained the following spells:

 Spells                   Type           Power        Failure   Level  Hunger
 Dazzling Spray           Conj/Hex       ##....       16%         3    ###....
 Iskenderun's Mystic Bla  Conj           ###.....     16%         4    ####...
 Force Lance              Conj/Tloc      ##......     47%         4    ####...
 Fulminant Prism          Conj/Hex       ##........   47%         4    ####...


Dungeon Overview and Level Annotations

Branches:
Dungeon (10/15)            Temple (0/1) D:5
   Lair: D:8-11         Orc: D:9-12

Altars:
Ashenzari
Cheibriados
Fedhas
Hepliaklqana
Makhleb
Sif Muna
Uskayaw
Yredelemnul
Zin
The Shining One

Shops:
D:9 !

Annotations:
D:2 Terence
D:6 Grinder
D:7 1 runed door
D:8 exclusion: oklob sapling
D:9 exclusion: ugly thing


Innate Abilities, Weirdness & Mutations

You are small and have problems with some larger weapons.
You are somewhat resistant to further mutation.


Message History

The adder hisses angrily.
You climb upwards.
Level annotation: exclusion: ugly thing You feel sick.
There is a stone staircase leading down here.
As you read the scroll labeled ZYABAX GIZU, it crumbles to dust.
The air around you briefly surges with heat, but it dissipates.
It was a scroll of immolation.
You feel sick.
As you read the scroll labeled KYNGYU PONK, it crumbles to dust.
You assume a fearsome visage.
Nothing appears to happen.
It was a scroll of fear.
As you read the scroll labeled YMAKIR XAHU, it crumbles to dust.
This is a scroll of acquirement! [a] Weapon [b] Armour [c] Jewellery [d] Book [e] Staff [f] Evocable [g] Food [h] Gold (you have $479)
What kind of item would you like to acquire? [\] known items [$] shopping list Something appears at your feet!
Z - a glowing shortbow You feel sick.
Are you sure you want to abandon this character and quit the game? (Confirm with "yes".)

## ### .# ############# ####.. .#
#...........###########..'..
.#####>..........##........#..#..
.'....)..........##........#####.
.#####..<........##........#.#.#'
.# #...........................
.# #............#..............
.# #..........@###'######..P...
## #...........# #..# ##.....(
########.#### ##.####..####. ###
##..# #......### #. ..# #..##
#####....# ## ..#########'###
#######.###. ..##.......)..#
###...........
..##..........######...........##
..............'......#.........#


There were no monsters in sight!

Vanquished Creatures
  A troll (D:7)
  2 hornets (D:8)
  A hippogriff (D:8)
  A wyvern (D:9)
  Eustachio (D:5)
  A water moccasin (D:8)
  A sky beast (D:6)
  An ice beast (D:7)
  2 orc warriors
  A black bear (D:7)
  4 ogres
  A centaur (D:5)
  A crocodile (D:9)
  4 bullfrogs
  4 big kobolds
  A scorpion (D:5)
  6 killer bees (D:7)
  2 howler monkeys (D:4)
  4 crimson imps
  2 bullfrog zombies
  2 orc priests
  2 bullfrog skeletons
  7 hounds
  A jelly (D:7)
  3 orc wizards
  Ijyb (D:4)
  An iguana (D:7)
  4 worker ants
  A hound zombie (D:5)
  4 hound skeletons
  2 worker ant zombies
  12 gnolls
  2 river rats (Sewer)
  18 adders
  3 shadow imps
  An adder skeleton (D:9)
  3 worms (D:3)
  A dart slug (D:2)
  4 leopard geckos
  17 orcs
  5 giant cockroaches
  6 goblins
  6 hobgoblins
  8 jackals
  20 kobolds
  7 quokkas
  7 ball pythons
  4 bats
  4 frilled lizards
  A giant cockroach zombie (D:6)
  A quokka skeleton (D:4)
  8 rats
207 creatures vanquished.

Vanquished Creatures (others)
  2 plants (D:8)
2 creatures vanquished.

Grand Total: 209 creatures vanquished

Notes
Turn   | Place    | Note
-------+----------+-------------------------------------------
     0 | D:1      | removed the Halfling Conjurer began the quest for the Orb.
     0 | D:1      | Reached XP level 1. HP: 11/11 MP: 3/3
   270 | D:1      | Reached XP level 2. HP: 17/17 MP: 1/4
  1159 | D:2      | Reached XP level 3. HP: 19/21 MP: 0/5
  1201 | D:2      | Noticed Terence
  1206 | D:2      | Learned a level 2 spell: Searing Ray
  2548 | D:3      | Found a snail-covered altar of Cheibriados.
  2553 | D:3      | Reached XP level 4. HP: 27/27 MP: 2/6
  2660 | D:3      | Found a deep blue altar of Sif Muna.
  3176 | D:3      | Found a hide-covered altar of Uskayaw.
  3177 | D:3      | Found a glowing golden altar of the Shining One.
  3178 | D:3      | Found a blossoming altar of Fedhas.
  3181 | D:3      | Found a burning altar of Makhleb.
  3182 | D:3      | Found a hazy altar of Hepliaklqana.
  3214 | D:3      | Became a worshipper of Uskayaw the Reveler
  3239 | D:3      | Reached * piety under Uskayaw
  3241 | D:3      | Reached ** piety under Uskayaw
  3452 | D:4      | Noticed an ogre
  3467 | D:4      | Killed an ogre
  3467 | D:4      | Reached skill level 5 in Conjurations
  3467 | D:4      | Reached XP level 5. HP: 31/31 MP: 1/7
  3725 | D:3      | Reached XP level 6. HP: 4/36 MP: 0/8
  4018 | D:4      | Noticed Ijyb
  4133 | D:4      | Killed Ijyb
  4663 | D:4      | Reached XP level 7. HP: 41/41 MP: 5/10
  4663 | D:4      | Reached *** piety under Uskayaw
  4982 | D:5      | Entered Level 5 of the Dungeon
  4982 | D:5      | Found a staircase to the Ecumenical Temple.
  5008 | D:5      | Reached skill level 1 in Fighting
  5018 | D:5      | Reached **** piety under Uskayaw
  5022 | D:5      | Reached ***** piety under Uskayaw
  5354 | D:5      | Found a glowing drain.
  5488 | Sewer    | Entered a sewer
  5809 | Sewer    | Reached XP level 8. HP: 51/51 MP: 9/12
  5888 | Sewer    | Found a glowing silver altar of Zin.
  6159 | D:5      | Noticed Eustachio
  6180 | D:5      | Killed Eustachio
  7042 | D:6      | Reached skill level 5 in Short Blades
  7304 | D:6      | Noticed Grinder
  7567 | D:6      | Reached XP level 9. HP: 51/56 MP: 7/13
  8151 | D:6      | Found a deep blue altar of Sif Muna.
  8252 | D:7      | Noticed a troll
  8329 | D:7      | Reached skill level 5 in Dodging
  8425 | D:7      | Killed a troll
  8933 | D:7      | Found a basalt altar of Yredelemnul.
  9072 | D:7      | Reached skill level 5 in Fighting
  9454 | D:7      | Found a glowing silver altar of Zin.
  9454 | D:7      | Noticed an angel
  9456 | D:7      | Found a runed door.
  9867 | D:8      | Reached XP level 10. HP: 66/66 MP: 14/14
  9962 | D:8      | Got a spiked cloak
  9972 | D:8      | Identified the +0 cloak of Compassion {Str+2 Stlth+} (You found it on level 8 of the Dungeon)
 10955 | D:8      | Found a shattered altar of Ashenzari.
 11050 | D:8      | HP: 3/66 [poisoned by a hornet]
 12419 | D:9      | Noticed a brown ugly thing
 12540 | D:9      | Found Uwot's Distillery.
 12772 | D:10     | Entered Level 10 of the Dungeon
 12834 | D:9      | HP: 3/68 [wyvern (18)]
 13155 | D:9      | Identified a scroll of acquirement
 13157 | D:9      | Quit the game

Skill      XL: |  1  2  3  4  5  6  7  8  9 10 |
---------------+-------------------------------+-----
Conjurations   | 4 5 6 |  6.0
Spellcasting   | 2 3 |  3.1
Fighting       | 2 3 5 6 |  6.1
Dodging        | 4 5 9 |  9.1
Short Blades   | 6 9 |  9.1
Stealth        | |  2.1

Action                   |  1- 3 |  4- 6 |  7- 9 | 10-12 || total
-------------------------+-------+-------+-------+-------++-------
Melee: Unarmed           |    11 |       |       |       ||    11
       Dagger            |     7 |    26 |   179 |     1 ||   213
       Rapier            |       |       |     8 |     1 ||     9
       Staff             |       |       |       |     4 ||     4
 Fire: Blowgun           |     5 |     6 |     6 |       ||    17
 Cast: Magic Dart        |    74 |    16 |    49 |   142 ||   281
       Searing Ray       |     2 |    14 |    57 |    27 ||   100
Invok: Stomp             |       |     1 |     1 |       ||     2
Evoke: Wand              |       |     2 |     7 |     4 ||    13
  Use: Scroll            |       |       |    12 |     6 ||    18
       Potion            |       |       |     2 |     1 ||     3
 Stab: Sleeping          |       |     1 |     2 |       ||     3
       Paralysed         |       |       |     9 |     2 ||    11
  Eat: Chunk             |     7 |     8 |    16 |     5 ||    36
       Ration            |       |       |     1 |     2 ||     3
Armor: Robe              |     2 |     9 |    33 |     9 ||    53
Dodge: Dodged            |    14 |    40 |   258 |    99 ||   411
